 Dungeon Sprint DCSS version 0.18-a0-750-g37044d6 (webtiles) character file.

10399 lucasterio the Bludgeoner (level 11, -6/97 HPs)
             Began as a Demonspawn Berserker on Dec 12, 2015.
             Was a High Priest of Trog.
             Mangled by a stone giant (36 damage)
             ... summoned by the player character
             ... in the Dungeon (Sprint V: "Ziggurat Sprint").
             The game lasted 00:31:46 (1434 turns).

lucasterio the Bludgeoner (Demonspawn Berserker)    Turns: 1434, Time: 00:31:47

Health: -6/97      AC: 35    Str: 32    XL:     11   Next: 35%
Magic:  4/5        EV:  9    Int:  8    God:    Trog [*****.]
Gold:   0          SH:  0    Dex: 12    Spells: 0 memorised, 10 levels left

rFire  + . .     SeeInvis .     U - +3 flail of Egomania {antimagic, rF+}
rCold  + + +     Clarity  +     J - +15 Maxwell's patent armour {-Cast -Tele rElec MR+ rCorr}
rNeg   . . .     SustAt   .     (no shield)
rPois  +         Gourm    .     (helmet restricted)
rElec  +         Spirit   .     a - +2 cloak {MR+}
rCorr  +         Dismiss  .     (no gloves)
rMut   .         NoTele   +     (no boots)
MR     ++...     NoCast   +     R - amulet of the Peculiar Lies {Clar *Corrode rPois rC+++ Dex-2}
Stlth  ..........               y - +6 ring of strength
                                x - +6 ring of strength

@: studying Bows, very resistant to hostile enchantments, extremely unstealthy
A: horns 2, rugged brown scales 2, cold resistance 1, demonic guardian 1,
freezing cloud immunity
a: Berserk, Trog's Hand, Brothers in Arms, Burn Spellbooks, Renounce Religion


You were in the Dungeon.
You worshipped Trog.
Trog was extremely pleased with you.
You were hungry.

You visited 1 branch

Inventory:

Hand Weapons
 H - the +10 dark maul {crush}
   (You found it in the Dungeon)

   It inflicts extra damage upon your enemies.
 I - the +15 heavy crossbow "Sniper" {velocity, SInv}
   (You found it in the Dungeon)

   Any bolt fired from it inflicts extra damage.
   It lets you see invisible.
 L - a +5 demon whip
 M - the +8 mace of Linwon {pain, +Rage Stlth+}
   (You took it off a naga mage in the Dungeon)

   In the hands of one skilled in necromantic magic, it inflicts extra damage on
   living creatures.
   It lets you go berserk.
   It makes you more stealthy.
 N - a +7 dire flail of crushing
 U - the +3 flail of Egomania (weapon) {antimagic, rF+}
   (Trog gifted it to you in the Dungeon)

   It disrupts the flow of magical energy around spellcasters and certain
   magical creatures (including the wielder).
   It protects you from fire.
 Y - a +2 vampiric eveningstar
Missiles
 V - 1075 arrows
 W - 1040 bolts
Armour
 a - a +2 cloak of magic resistance (worn)
 J - the +15 Maxwell's patent armour (worn) {-Cast -Tele rElec MR+ rCorr}
   (You found it in the Dungeon)

   It insulates you from electricity.
   It affects your resistance to hostile enchantments.
   It prevents spellcasting.
   It prevents most forms of teleportation.
   It protects you from acid and corrosion.
 K - the +18 shield of the gong {rElec rN+ MR+ EV-5}
   (You found it in the Dungeon)

   It affects your evasion (-5).
   It insulates you from electricity.
   It protects you from negative energy.
   It affects your resistance to hostile enchantments.
Jewellery
 t - the ring of Gorghet {rPois rN+++ Str-5 Int+2 Stlth+}
   (You found it in the Dungeon)

   [ring of intelligence]

   It affects your strength (-5).
   It affects your intelligence (+2).
   It protects you from poison.
   It renders you almost immune to negative energy.
   It makes you more stealthy.
 w - the ring of Ufuniokk {rPois rF+ rN+++ MP+9 Stlth+}
   (You found it in the Dungeon)

   [ring of protection from fire]

   It protects you from fire.
   It protects you from poison.
   It renders you almost immune to negative energy.
   It affects your magic capacity (+9).
   It makes you more stealthy.
 x - a +6 ring of strength (left hand)
 y - a +6 ring of strength (right hand)
 R - the amulet of the Peculiar Lies (around neck) {Clar *Corrode rPois rC+++ Dex-2}
   (You found it in the Dungeon)

   [amulet of clarity]

   It provides mental clarity.
   It affects your dexterity (-2).
   It renders you almost immune to cold.
   It protects you from poison.
   It may corrode your equipment when you take damage.
 S - an uncursed ring of protection from fire
Wands
 m - a wand of hasting (4)
 p - a wand of disintegration (7)
 q - a wand of fire (5)
 r - a wand of cold (5)
 s - a wand of draining (5)
Scrolls
 i - 4 scrolls of blinking
 B - 3 scrolls of recharging
 C - 6 scrolls of fog
 D - 5 scrolls of identify
 E - 5 scrolls of remove curse
 F - 2 scrolls of fear
Potions
 d - 10 potions of curing
 e - 12 potions of heal wounds
 f - 6 potions of haste
 g - 7 potions of magic
 k - 2 potions of invisibility
 l - 4 potions of resistance
 n - 5 potions of agility
 o - 6 potions of might
Books
 Q - a manual of Bows
Miscellaneous
 b - an ornate deck of summoning {drawn: 1}
 h - a phial of floods (inert)
 j - a fan of gales
 u - a legendary deck of defence
 G - a disc of storms
 O - a fan of gales
 P - a plain deck of destruction
 X - a stone of tremors
Comestibles
 c - 5 bread rations
 z - 35 fruits
 A - 4 meat rations


   Skills:
 + Level 11.5 Fighting
 - Level 19.0 Maces & Flails
 * Level 10.8 Armour
 - Level 1.7 Dodging
 - Level 5.2 Shields
 + Level 6.1 Evocations


You had 10 spell levels left.
You didn't know any spells.

Dungeon Overview and Level Annotations

Branches:
Dungeon (1/1)

Altars:
Ashenzari
Cheibriados
Dithmenos
Elyvilon
Fedhas
Gozag
Kikubaaqudgha
Makhleb
Nemelex Xobeh
Okawaru
Pakellas
Qazlal
Ru
Sif Muna
Trog
Vehumet
Xom
Yredelemnul
Zin
The Shining One
Beogh
Jiyva
Lugonu


Innate Abilities, Weirdness & Mutations

You have a pair of horns on your head.
You are mostly covered in rugged brown scales (AC +2, +5% HP).
Your flesh is cold resistant.
A weak demonic guardian rushes to your aid.
You are immune to freezing clouds.


Message History

The stone giant hits your iron troll but does no damage.
The vault guard hits your iron imp but does no damage.
Your iron troll bites the stone giant.
Your iron troll claws the stone giant but does no damage.
Your iron troll claws the stone giant!
Lucasterio's illusion hits your iron troll but does no damage.
The stone giant hits your water elemental!!!
Your water elemental is destroyed!
Evoke which item? (* to show all) (? for menu, Esc to quit)
Okay, then.
The stone giant hits your iron troll!
Lucasterio's illusion hits your iron troll but does no damage.
Your iron troll bites lucasterio's illusion but does no damage.
Your iron troll barely misses lucasterio's illusion.
Your iron troll claws lucasterio's illusion but does no damage.
The stone giant hits you!
The vault guard hits your iron imp with a long sword!
Your iron imp hits the vault guard.
The stone giant hits your iron troll! The stone giant hits you!!!
You die...

▓...:}::=...▓...8©8...▓..8
▓...........▓..[[).}..▓...
▓...........▓....==...▓..)
▓...........▓.........▓...
....)pp... ▓.........▓...
▓..ppp▓ .▓....)%[).▓...
▓▓CCp▓▓▓.▓......)..▓...
▓..▓.T@p5▓..▓.▓...†.▓.▓.▓.
▓.....≈≈C@..▓.........▓...
▓▓▓▓▓▓▓▓▓▓▓▓▓▓▓▓▓▓▓▓▓▓▓▓▓▓
▓...8©8...▓.≈≈8©8.≈.▓...8©
▓.."))")..▓..)=)≈).≈▓..)).
▓..|}...=.▓≈.[≈≈≈[.≈▓...[.
▓.........▓.≈..≈≈≈≈.▓....[
▓.........▓..≈..≈...▓.....
▓.........▓≈........▓....÷
▓......)..▓.().)≈≈..▓....)


You could see 3 stone giants, 5 vault guards, lucasterio's illusion, a friendly
iron troll (berserk) and a friendly iron imp.

Vanquished Creatures
  A deep elf sorcerer (D)
  A deep elf conjurer (D)
  A cyclops (D)
  A black mamba (D)
  A naga mage (D)
  3 yaktaurs (D)
  2 merfolk (D)
  A snapping turtle (D)
  A tarantella (D)
  A basilisk (D)
  A chaos spawn (D)
  A naga (D)
  A deep elf fighter (D)
  A wolf (D)
  A porcupine (D)
  3 centaurs (D)
  A crocodile (D)
  3 giant frogs (D)
  3 scorpions (D)
  A jelly (D)
  A quasit (D)
  An iguana (D)
  An orc priest (D)
  2 orc wizards (D)
  2 shadow imps (D)
  2 white imps (D)
  An ufetubus (D)
  2 orcs (D)
  A bat skeleton (D)
42 creatures vanquished.

Vanquished Creatures (collateral kills)
  A merfolk impaler (D)
  A death ooze (D)
  2 vault guards (D)
  2 deep elf knights (D)
  A giant orange brain (D)
  2 griffons (D)
  A shining eye (D)
  A merfolk (D)
  5 slime creatures (D)
  2 snapping turtles (D)
  A basilisk (D)
  A yak (D)
  2 deep elf fighters (D)
  A naga (D)
  A water moccasin (D)
  2 iguanas (D)
  A sheep (D)
  A river rat (D)
  A shadow imp (D)
  An ooze (D)
  A jackal (D)
  3 ball pythons (D)
34 creatures vanquished.

Grand Total: 76 creatures vanquished

Notes
Turn   | Place    | Note
--------------------------------------------------------------
     0 | D        | lucasterio the Demonspawn Berserker began the quest for the Orb.
     0 | D        | Reached XP level 1. HP: 18/18 MP: 1/1
     2 | D        | Found an iron altar of Okawaru.
     2 | D        | Found a radiant altar of Vehumet.
     2 | D        | Found a shimmering altar of Xom.
     2 | D        | Found a burning altar of Makhleb.
     2 | D        | Found a deep blue altar of Sif Muna.
     4 | D        | Found a bloodstained altar of Trog.
     5 | D        | Found a roughly hewn altar of Beogh.
     5 | D        | Found a viscous altar of Jiyva.
     5 | D        | Found a corrupted altar of Lugonu.
     5 | D        | Found a white marble altar of Elyvilon.
     5 | D        | Found a sparkling altar of Nemelex Xobeh.
   112 | D        | Entered arena 1.
   124 | D        | Reached skill level 4 in Maces & Flails
   124 | D        | Gained mutation: A weak demonic guardian rushes to your aid. [demonic ancestry]
   124 | D        | Reached XP level 2. HP: 20/24 MP: 2/2
   130 | D        | Entered arena 2.
   155 | D        | Reached ** piety under Trog
   155 | D        | Reached skill level 5 in Maces & Flails
   155 | D        | Gained mutation: Your flesh is cold resistant. [demonic ancestry]
   155 | D        | Reached XP level 3. HP: 22/31 MP: 3/3
   169 | D        | Reached skill level 6 in Fighting
   169 | D        | Reached skill level 8 in Maces & Flails
   169 | D        | Reached skill level 5 in Armour
   169 | D        | Gained mutation: You have a pair of small horns on your head. [demonic ancestry]
   169 | D        | Reached XP level 4. HP: 28/41 MP: 4/4
   170 | D        | Entered arena 3.
   170 | D        | Noticed a tarantella
   179 | D        | Killed a tarantella
   179 | D        | Reached skill level 9 in Maces & Flails
   179 | D        | Gained mutation: You are partially covered in rugged brown scales (AC +1, +3% HP). [demonic ancestry]
   179 | D        | Reached XP level 5. HP: 33/49 MP: 5/5
   181 | D        | Reached *** piety under Trog
   181 | D        | Gained mutation: You have a pair of horns on your head. [demonic ancestry]
   181 | D        | Reached XP level 6. HP: 37/57 MP: 6/6
   184 | D        | Reached skill level 10 in Maces & Flails
   342 | D        | Entered arena 4.
   342 | D        | Noticed a chaos spawn
   349 | D        | Killed a chaos spawn
   349 | D        | Reached **** piety under Trog
   349 | D        | Reached skill level 1 in Shields
   349 | D        | Reached XP level 7. HP: 64/64 MP: 7/7
   403 | D        | Entered arena 5.
   407 | D        | Reached ***** piety under Trog
   465 | D        | Entered arena 6.
   465 | D        | Noticed a yaktaur
   465 | D        | Noticed a yaktaur
   465 | D        | Noticed a yaktaur
   472 | D        | Reached skill level 11 in Maces & Flails
   474 | D        | Received a gift from Trog
   478 | D        | Killed a yaktaur
   478 | D        | Reached XP level 8. HP: 73/73 MP: 8/8
   485 | D        | Killed a yaktaur
   485 | D        | Reached skill level 12 in Maces & Flails
   487 | D        | Killed a yaktaur
   487 | D        | Reached skill level 10 in Fighting
   487 | D        | Reached skill level 5 in Shields
   533 | D        | Reached ****** piety under Trog
   533 | D        | Received a gift from Trog
   549 | D        | Got the ring of Gorghet {rPois rN+++ Str-5 Int+2 Stlth+}
   626 | D        | Entered arena 7.
   639 | D        | Reached skill level 13 in Maces & Flails
   639 | D        | Reached XP level 9. HP: 80/80 MP: 9/9
   666 | D        | Received a gift from Trog
   692 | D        | Entered arena 8.
   692 | D        | Noticed a deep elf knight
   692 | D        | Noticed a deep elf knight
   692 | D        | Noticed a deep elf sorcerer
   692 | D        | Noticed a deep elf conjurer
   694 | D        | Noticed an ice devil
   703 | D        | Killed a deep elf knight
   703 | D        | Reached skill level 14 in Maces & Flails
   706 | D        | Killed a deep elf conjurer
   708 | D        | Killed a deep elf knight
   708 | D        | Reached skill level 15 in Maces & Flails
   710 | D        | Killed a deep elf sorcerer
   710 | D        | Received a gift from Trog
   710 | D        | Reached skill level 16 in Maces & Flails
   710 | D        | Gained mutation: You are mostly covered in rugged brown scales (AC +2, +5% HP). [demonic ancestry]
   710 | D        | Reached XP level 10. HP: 89/89 MP: 10/10
   746 | D        | Received a gift from Trog
   764 | D        | Got the amulet of Symmetry {+Rage rPois rF- rC+}
   820 | D        | Entered arena 9.
   820 | D        | Noticed a black mamba
   826 | D        | Killed a black mamba
   826 | D        | Reached skill level 17 in Maces & Flails
   832 | D        | Received a gift from Trog
   854 | D        | Got the +8 mace of Linwon {pain, +Rage Stlth+}
   872 | D        | Received a gift from Trog
  1034 | D        | Entered arena 10.
  1042 | D        | Reached skill level 18 in Maces & Flails
  1046 | D        | Received a gift from Trog
  1099 | D        | Got the amulet of the Peculiar Lies {Clar *Corrode rPois rC+++ Dex-2}
  1102 | D        | Entered arena 11.
  1102 | D        | Noticed a griffon
  1102 | D        | Noticed a cyclops
  1102 | D        | Noticed a merfolk impaler
  1103 | D        | Noticed a griffon
  1106 | D        | Received a gift from Trog
  1109 | D        | Killed a merfolk impaler
  1109 | D        | Reached skill level 1 in Evocations
  1111 | D        | Killed a griffon
  1115 | D        | Killed a griffon
  1115 | D        | Received a gift from Trog
  1120 | D        | Killed a cyclops
  1122 | D        | Gained mutation: You are immune to freezing clouds. [demonic ancestry]
  1122 | D        | Reached XP level 11. HP: 90/96 MP: 10/13
  1259 | D        | Received a gift from Trog
  1262 | D        | Got a translucent flail {god gift}
  1263 | D        | Identified the +3 flail of Egomania {antimagic, rF+} (Trog gifted it to you in the Dungeon)
  1278 | D        | Entered arena 12.
  1278 | D        | Noticed a death ooze
  1280 | D        | Noticed a giant orange brain
  1282 | D        | Received a gift from Trog
  1283 | D        | Killed a death ooze
  1284 | D        | Reached skill level 10 in Armour
  1287 | D        | Reached skill level 5 in Evocations
  1288 | D        | Killed a giant orange brain
  1288 | D        | Received a gift from Trog
  1288 | D        | Reached skill level 19 in Maces & Flails
  1301 | D        | Got the ring of Ufuniokk {rPois rF+ rN+++ MP+9 Stlth+}
  1418 | D        | Entered arena 13.
  1419 | D        | Noticed a stone giant
  1419 | D        | Noticed a vault guard
  1419 | D        | Noticed a vault guard
  1419 | D        | Noticed a vault guard
  1419 | D        | Noticed a vault guard
  1420 | D        | Noticed a vault guard
  1420 | D        | Noticed a vault guard
  1420 | D        | Noticed a vault guard
  1420 | D        | Noticed a stone giant
  1421 | D        | Noticed a vault guard
  1421 | D        | Noticed a vault guard
  1422 | D        | Noticed a vault guard
  1424 | D        | Killed a vault guard
  1431 | D        | Killed a vault guard
  1434 | D        | Mangled by a stone giant

Vault maps used:
D:        sprint_v

Action                   |  1- 3 |  4- 6 |  7- 9 | 10-12 || total
-------------------------+-------+-------+-------+-------++-------
Melee: Demon whip        |    35 |    14 |    38 |    10 ||    97
       Eveningstar       |       |       |    11 |     3 ||    14
       Dire flail        |       |       |       |    23 ||    23
       Flail             |       |       |       |     6 ||     6
Invok: Berserk           |       |     2 |     4 |     2 ||     8
       Brothers in Arms  |       |       |     2 |    11 ||    13
       Burn Spellbooks   |       |       |     2 |     4 ||     6
       Trog's Hand       |       |       |     1 |       ||     1
Evoke: Disc of storms    |       |       |       |     2 ||     2
       Deck              |       |       |       |     1 ||     1
       Phial of floods   |       |       |       |     1 ||     1
  Use: Potion            |     1 |       |       |       ||     1
       Scroll            |       |       |     1 |       ||     1
  Eat: Chunk             |       |       |     4 |     6 ||    10
       Fruit             |       |       |     7 |       ||     7
